AoeStats
← |GaoeG| flamingo

Arena

509885934Analyzed
4v4 RM · 2d ago on Sep 28, 2026· 51m 4s· 8 players
Game mode
Random Map
Map size
Large (8 player)
Population
200
Speed
Normal
Resources
Standard
Victory
Conquest
Starting age
Dark Age
Ending age
Imperial Age
RankedLock teamsTeams togetherTeam positionsShared explorationLock speedFull tech treeHidden civsTurbo modeCheats
Victory
Defeat
🇪🇸 Mongols · Spain
1442
+11
🇪🇸 Spanish · Spain
1313
+16
🇪🇸 Saxons · Spain
1210
+20
🇪🇸 Burgundians · Spain
1208
+20
🇧🇷 Varangians · Brazil
1323
-17
🇨🇳 Burgundians · China
1305
-17
🇨🇳 Franks · China
1305
-17
🇨🇦 Cumans · Canada
1303
-16
liangzai
6:14 Double-Bit Axe
10:18 Feudal Age
14:30 Castle Age
13:16 Horse Collar
13:56 Bow Saw
23:03 Stone Mining
26:56 Wheelbarrow
29:22 Hand Cart
32:29 Imperial Age
30:12 Gold Mining
30:57 Stone Shaft Mining
30:52 Fletching
31:36 Bodkin Arrow
31:03 Cavalier
31:44 Husbandry
33:57 Loom
33:59 Town Watch
34:49 Scale Mail Armor
35:13 Squires
36:56 Gold Shaft Mining
36:27 Light Cavalry
37:50 Conscription
37:56 Heavy Plow
38:59 Two-Man Saw
38:45 Chain Mail Armor
38:00 Hussar
39:54 Scale Barding Armor
40:00 Forging
41:37 Chain Barding Armor
41:48 Bracer
42:11 Ballistics
42:52 Chemistry
41:30 Pikeman
42:37 Padded Archer Armor
45:06 Plate Barding Armor
45:02 Plate Mail Armor
44:18 Halberdier
Oldwei
10:49 Feudal Age
14:40 Castle Age
16:26 Double-Bit Axe
21:03 Bow Saw
21:50 Wheelbarrow
23:53 Gold Mining
24:52 Hand Cart
25:04 Forging
24:59 Scale Barding Armor
25:43 Gold Shaft Mining
30:05 Imperial Age
28:53 Iron Casting
28:39 Chain Barding Armor
28:48 Husbandry
30:58 Chivalry
31:19 Conscription
30:21 Cavalier
31:39 Plate Barding Armor
32:04 Blast Furnace
31:31 Paladin
43:53 Light Cavalry
frantiescolucas
10:04 Feudal Age
8:52 Loom
13:59 Castle Age
12:32 Horse Collar
12:41 Double-Bit Axe
19:58 Town Watch
24:28 Wheelbarrow
24:23 Gold Mining
26:31 Bow Saw
27:36 Scale Barding Armor
27:25 Fletching
28:16 Hand Cart
28:22 Husbandry
28:32 Bloodlines
31:18 Imperial Age
29:23 Forging
29:13 Scale Mail Armor
29:26 Heavy Plow
29:37 Squires
29:22 Gambesons
29:23 Arson
30:41 Iron Casting
31:28 Chain Mail Armor
32:31 Crop Rotation
33:02 Two-Man Saw
31:35 Capped Ram
33:28 Blast Furnace
33:21 Conscription
33:46 Plate Mail Armor
33:42 Siege Ram
how do you turn this on
10:34 Feudal Age
14:17 Castle Age
12:42 Double-Bit Axe
13:23 Horse Collar
21:26 Wheelbarrow
23:32 Gold Mining
23:51 Loom
25:56 Hand Cart
26:22 Gold Shaft Mining
26:10 Forging
26:06 Scale Barding Armor
26:54 Loom
33:34 Imperial Age
32:03 Iron Casting
31:49 Chain Barding Armor
34:11 Elite Steppe Lancer
35:58 Bow Saw
36:20 Conscription
41:43 Steppe Husbandry
41:19 Pikeman
43:04 Blast Furnace
42:33 Padded Archer Armor
43:09 Plate Barding Armor
42:48 Padded Archer Armor
42:38 Fletching
43:12 Heavy Cavalry Archer
44:02 Thumb Ring
45:24 Parthian Tactics
45:46 Leather Archer Armor
45:26 Bodkin Arrow
SuterOne
10:04 Feudal Age
11:22 Double-Bit Axe
15:16 Castle Age
13:52 Horse Collar
21:29 Arson
22:19 Forging
25:50 Wheelbarrow
25:56 Loom
28:34 Scale Mail Armor
29:15 Iron Casting
31:39 Imperial Age
28:58 Town Watch
29:18 Gold Mining
31:19 Hand Cart
31:52 Chain Mail Armor
31:53 Squires
32:51 Conscription
32:22 Elite Varangian Guard
34:42 Plate Mail Armor
35:10 Shield Wall
37:32 Town Patrol
39:11 Pikeman
39:39 Halberdier
|GaoeG| Joseba77
6:57 Double-Bit Axe
7:14 Loom
7:11 Horse Collar
8:39 Gold Mining
11:55 Feudal Age
13:59 Bow Saw
16:01 Castle Age
16:06 Heavy Plow
18:06 Two-Man Saw
20:13 Loom
24:56 Wheelbarrow
26:16 Scale Barding Armor
29:09 Imperial Age
26:05 Cavalier
27:03 Husbandry
27:25 Chain Barding Armor
27:01 Light Cavalry
27:53 Forging
28:28 Hand Cart
28:45 Crop Rotation
30:03 Gold Shaft Mining
29:28 Stone Mining
30:17 Iron Casting
29:17 Paladin
31:30 Plate Barding Armor
33:10 Blast Furnace
31:57 Hussar
33:32 Coinage
36:12 Fortified Wall
37:47 Fletching
38:21 Masonry
39:31 Town Watch
41:14 Bodkin Arrow
41:53 Architecture
41:03 Treadmill Crane
41:45 Ballistics
42:26 Chemistry
41:52 Burgundian Vineyards
43:09 Conscription
43:25 Hoardings
42:51 Murder Holes
45:23 Banking
45:17 Bracer
46:50 Town Patrol
JITANOmaleant7
10:02 Feudal Age
14:02 Castle Age
12:25 Double-Bit Axe
12:21 Horse Collar
13:58 Wheelbarrow
15:18 Bow Saw
15:36 Heavy Plow
21:52 Stone Mining
22:35 Gold Mining
25:30 Gold Shaft Mining
25:30 Stone Shaft Mining
24:50 Fletching
25:40 Loom
27:15 Bodkin Arrow
28:03 Bloodlines
30:28 Imperial Age
28:14 Hand Cart
28:47 Ballistics
29:00 Padded Archer Armor
29:06 Husbandry
30:55 Leather Archer Armor
30:48 Thumb Ring
31:13 Scale Barding Armor
31:19 Forging
31:14 Bracer
31:13 Elite Mangudai
33:24 Chemistry
33:22 Conscription
33:45 Parthian Tactics
33:10 Light Cavalry
36:21 Scale Barding Armor
36:27 Forging
35:39 Hussar
39:30 Pikeman
40:11 Squires
40:24 Heavy Camel Rider
41:26 Chain Barding Armor
41:42 Iron Casting
45:13 Blast Furnace
47:56 Coinage
|GaoeG| flamingo
10:34 Feudal Age
14:38 Castle Age
12:53 Double-Bit Axe
13:09 Horse Collar
16:26 Bow Saw
21:39 Fletching
21:49 Loom
23:30 Heavy Plow
24:22 Gold Mining
30:30 Wheelbarrow
34:43 Imperial Age
33:03 Hand Cart
35:33 Scale Mail Armor
35:43 Forging
36:39 Chemistry
35:52 Squires
35:13 Pikeman
37:19 Conscription
37:01 Halberdier
38:00 Chain Mail Armor
39:20 Plate Mail Armor
39:25 Iron Casting
40:52 Arson
43:22 Blast Furnace
Connection lost

Rejoining the realm…

Still unreachable

The connection could not be restored.

Session expired

The server has moved on; the page needs a fresh start.